 Dungeon Crawl Stone Soup version 0.30-a0-141-g30f27751c5 (webtiles) character file.

Game seed: 12617707117304512997

34 Lolow the Trooper (level 3, -7/23 HPs)
             Began as a Gargoyle Monk on Sept 25, 2022.
             Was a Priest of the Shining One.
             Mangled by Robin
             ... wielding a +3 mace of draining
              (8 damage)
             ... on level 1 of the Dungeon.
             The game lasted 00:07:57 (1182 turns).

Lolow the Trooper (Gargoyle Monk)                   Turns: 1182, Time: 00:07:58

Health: -7/23      AC: 15    Str: 16    XL:     3   Next: 31%
Magic:  3/3        EV:  7    Int: 10    God:    the Shining One [***...]
Gold:   56         SH:  0    Dex: 12    Spells: 2/2 levels left

rFire   . . .      SeeInvis .    a - +0 mace
rCold   . . .      Faith    .    (no shield)
rNeg    + + .      Spirit   .    e - +0 chain mail
rPois   ∞          Reflect  .    (no helmet)
rElec   +          Harm     .    (no cloak)
rCorr   .          Rampage  .    (no gloves)
Will    .....                    (no boots)
Stlth   ..........               (no amulet)
HPRegen 0.07/turn                j - +4 ring of protection
MPRegen 0.08/turn                (no ring)

@: glowing
A: sickness immunity, AC +3, negative energy resistance 1, electricity
resistance, torment resistance 1, petrification resistance
a: Renounce Religion, Divine Shield, Cleansing Flame


You were on level 1 of the Dungeon.
You worshipped the Shining One.
The Shining One was most pleased with you.
You visited 1 branch of the dungeon, and saw 2 of its levels.

You collected 56 gold pieces.

Inventory:

Hand Weapons
 a - a +0 mace (weapon)
 h - a +0 short sword
 l - a +0 short sword
Missiles
 i - 2 stones (quivered)
Armour
 b - a +0 robe
 d - a +0 leather armour
 e - a +0 chain mail (worn)
 f - a +0 chain mail
 g - a +0 plate armour
Jewellery
 j - a +4 ring of protection (left hand)
Scrolls
 k - a scroll of butterflies {unknown}
Potions
 c - a potion of ambrosia


   Skills:
 + Level 3.6 Fighting
 + Level 3.6 Maces & Flails
 + Level 0.1 Throwing
 + Level 0.1 Armour
 + Level 2.6 Dodging
 + Level 2.4 Stealth


You had 2 spell levels left.
You didn't know any spells.
Your spell library was empty.

Dungeon Overview and Level Annotations

Branches:
Dungeon (2/15)

Altars:
The Shining One

Annotations:
D:1 Robin


Innate Abilities, Weirdness & Mutations

You are immune to sickness and miasma.
Your stone body is resilient. (AC +3)
You are immune to poison.
You resist negative energy. (rN+)
You are resistant to electric shocks. (rElec)
You are resistant to unholy torment.
You are immune to petrification.


Message History

A hobgoblin comes into view.
You can now channel blasts of cleansing flame.
The hobgoblin hits you but does no damage.
Robin throws the goblin at you!
You barely miss Robin.
The hobgoblin no longer looks unusually strong.
The goblin no longer looks unusually strong.
The goblin hits you with a +0 club. The hobgoblin barely misses you.
The hobgoblin hits you but does no damage.
Robin roars a battlecry!
The goblins go into a battle-frenzy!
You hit Robin but do no damage. The goblin hits you but does no damage.
The hobgoblin hits you. The hobgoblin barely misses you.
Robin hits you with a +3 mace of draining.
Unknown command.
You hit Robin.
Robin is moderately wounded.
The hobgoblin no longer looks unusually strong.
The hobgoblin hits you but does no damage.
The hobgoblin barely misses you. The goblin barely misses you.
Unknown command.
You barely miss the hobgoblin. The hobgoblin closely misses you.
The goblin barely misses you.
The hobgoblin hits you but does no damage.
Robin hits you with a +3 mace of draining!
Unknown command.
The goblin hits you but does no damage.
The hobgoblin hits you but does no damage.
Robin barely misses you. The hobgoblin barely misses you.
The goblin hits you but does no damage. A mysterious force pulls you upwards.
The hatch slams shut behind you.
The hobgoblin hits you but does no damage.
Robin hits you with a +3 mace of draining.
* * * LOW HITPOINT WARNING * * *
The goblin attacks as you move away! The goblin hits you but does no damage.
The goblin attacks as you move away! The goblin hits you with a +0 club.
* * * LOW HITPOINT WARNING * * *
The hobgoblin no longer looks unusually strong.
Robin hits you with a +3 mace of draining!
You die...

.##.#.##.##########..............
......##.# #.........####.
###.####.# #.........# #. #.# #.#
#######.........# ##. ###.####.#
##..............## #..
......##.###...g...........# #.#
..........##....g÷.........# #.#
......##..##...ggg.........## #.#
......##..###.÷.@...........###.#
###+####..# #......#####........#
##.....#..# #......# #######..#
##.....#..# #......#### #....#..#
##.....#..# #......'..# #.##.#..#
.'.....#..# #......##.# #.##.#..#
##.....#..# #....####.###.......#
#.....#..# #....# #.##.....##.#
#.....'..# #....# #.....#####..


You could see Robin, 2 hobgoblins and 2 goblins.

Vanquished Creatures
  2 dart slugs (D:1)
  3 endoplasms (D:1)
  A giant cockroach (D:1)
  2 goblins (D:2)
  7 hobgoblins
  2 quokkas (D:1)
  3 ball pythons (D:1)
  A bat (D:1)
  A frilled lizard (D:1)
  4 kobolds
  A rat (D:1)
27 creatures vanquished.

Notes
Turn   | Place    | Note
-------+----------+-------------------------------------------
     0 | D:1      | Lolow the Gargoyle Monk began the quest for the Orb.
     0 | D:1      | Reached XP level 1. HP: 14/14 MP: 1/1
   177 | D:1      | Reached XP level 2. HP: 19/19 MP: 2/2
   694 | D:1      | Found a faded altar of an unknown god.
   789 | D:1      | Prayed at the altar of an unknown god.
   789 | D:1      | Became a worshipper of the Shining One
   789 | D:1      | Reached * piety under the Shining One
   789 | D:1      | Reached ** piety under the Shining One
   897 | D:1      | Reached XP level 3. HP: 18/23 MP: 3/3
  1158 | D:2      | Noticed Robin
  1173 | D:2      | Reached *** piety under the Shining One
  1182 | D:1      | HP: 1/23 [goblin/+0 club[Robin] (2)]
  1182 | D:1      | Mangled by Robin

Illustrated notes

Levels and vault maps discovered:
D:1:      saegor_arrival_miasma, layout_basic, basic_ecumenical_altar
D:2:      layout_basic, serial_bayou_crossing, uniq_natasha, uniq_robin

Action                   || total
-------------------------++-------
Melee: Mace              ||    86
       Punch             ||     2
Throw: Boomerang         ||     5
       Stone             ||     7
 Stab: Sleeping          ||     1
Armor: Chain mail        ||    60
Dodge: Dodged            ||    30

Table legend: (Time is in decaauts)
 A = Elapsed time spent in this place.
 B = Non-inter-level travel time spent in this place.
 C = Inter-level travel time spent in this place.
 D = Time resting spent in this place.
 E = Time spent auto-exploring this place.
 F = Levels seen in this place.
 G = Mean time per level.
                   A        B        C        D        E       F      G
               +--------+--------+--------+--------+--------+-----+--------+
         Total |   1203 |   1203 |      0 |    424 |    406 |   2 |  601.5 |
       Dungeon |   1203 |   1203 |      0 |    424 |    406 |   2 |  601.5 |
               +--------+--------+--------+--------+--------+-----+--------+

Top non-repeatable levels by time:
     D:1: 1075 daAuts
     D:2: 127 daAuts
